 Dungeon Crawl Stone Soup version 0.28-a0-1227-ga9037bb4c8 (webtiles) character file.

Game seed: 682761023474401154

2 ChaosChampion the Grasshopper (level 1, -1/17 HPs)
             Began as a Draconian Warper on Dec 22, 2021.
             Slain by a worm (9 damage)
             ... on level 1 of the Dungeon.
             The game lasted 00:00:43 (700 turns).

ChaosChampion the Grasshopper (Draconian Warper)     Turns: 700, Time: 00:00:43

Health: -1/17      AC:  4    Str: 13    XL:     1   Next: 25%
Magic:  3/3        EV: 12    Int: 13    God:
Gold:   2          SH:  0    Dex: 10    Spells: 4/4 levels left

rFire   . . .      SeeInvis .     - Unarmed
rCold   . . .      Faith    .   (no shield)
rNeg    . . .      Spirit   .   (armour unavailable)
rPois   .          Reflect  .   (helmet restricted)
rElec   .          Harm     .   (no cloak)
rCorr   .          Rampage  .   (no gloves)
Will    .....                   (no boots)
Stlth   +.........              (no amulet)
HPRegen 0.05/turn               (no ring)
MPRegen 0.08/turn               (no ring)

@: very slow
A: AC +4, unfitting armour, cold-blooded
a: no special abilities


You were on level 1 of the Dungeon.
You visited 1 branch of the dungeon, and saw 1 of its levels.

You collected 2 gold pieces.

Inventory:

Missiles
 b - 5 boomerangs of dispersal (quivered)
Scrolls
 a - a scroll of blinking


   Skills:
 + Level 2.2 Fighting
 - Level 0.8 Throwing
 - Level 2.1 Dodging
 * Level 2.1 Unarmed Combat
 - Level 2.0 Spellcasting
 + Level 3.0 Translocations


You had 4 spell levels left.
You didn't know any spells.
Your spell library contained the following spells:

 Spells                   Type           Power      Damage    Failure   Level
 Blink                    Tloc           18%        N/A       11%         2
 Gell's Gravitas          Tloc           9%         N/A       22%         3
 Lesser Beckoning         Tloc           9%         N/A       22%         3
 Teleport Other           Tloc           9%         N/A       22%         3
 Manifold Assault         Tloc           9%         N/A       90%         5


Dungeon Overview and Level Annotations

Branches:
Dungeon (1/15)

Altars:


Innate Abilities, Weirdness & Mutations

Your plain brown scales are hard. (AC +4)
You cannot fit into any form of body armour.
You are cold-blooded and may be slowed by cold attacks.


Message History

You start waiting.
You start waiting.
You enter the shallow water.
Moving in this stuff is going to be slow.
A worm is nearby!
A worm is nearby!
A worm is nearby!
A worm is nearby!
You enter the shallow water.
Moving in this stuff is going to be slow.
You hit the worm.
The worm is moderately wounded.
Your unstable footing causes you to fumble your attack.
The worm bites you!
Ouch! That really hurt!
You are too injured to fight recklessly!
You are too injured to fight recklessly!
You are too injured to fight recklessly!
You are too injured to fight recklessly!
You are too injured to fight recklessly!
You are too injured to fight recklessly!
You are too injured to fight recklessly!
You are too injured to fight recklessly!
You are too injured to fight recklessly!
You are too injured to fight recklessly!
You are too injured to fight recklessly!
You are too injured to fight recklessly!
You are too injured to fight recklessly!
You are too injured to fight recklessly!
You are too injured to fight recklessly!
You are too injured to fight recklessly!
You are too injured to fight recklessly!
You are too injured to fight recklessly!
You are too injured to fight recklessly!
You are too injured to fight recklessly!
Your unstable footing causes you to fumble your attack.
Your unstable footing causes you to fumble your attack.
The worm bites you!
Ouch! That really hurt!
You die...

###############........# ..
..............w.........
############'############.###
#≈≈≈≈≈≈≈≈≈≈≈.≈≈≈≈≈≈≈≈≈≈≈#.#
#≈♣P♣♣P.♣.P≈.≈♣P.♣P.♣P.≈# #
#≈PPP.♣.P♣♣≈.≈P.♣♣P.P.P≈#
#≈≈≈≈≈≈≈≈≈≈≈.≈≈≈≈≈≈≈≈≈≈≈#
#≈≈≈≈≈≈≈≈≈.....w≈≈≈≈≈≈≈≈#
#≈♣PP...♣≈.###.@♣♣P♣♣.♣≈#
#≈P♣...PP≈.#§#.≈♣♣♣.♣♣P≈#
#≈PP♣♣.P♣≈.###.≈...♣♣..≈#
#≈≈≈≈≈≈≈≈≈.....≈≈≈≈≈≈≈≈≈#
#≈≈≈≈≈≈≈≈≈≈≈.≈≈≈≈≈≈≈≈≈≈≈#
#≈♣..P.♣P♣♣≈.≈♣..♣♣...P≈#
#≈♣♣.♣♣♣♣P.≈.≈.P♣.♣P.♣.≈#
#≈≈≈≈≈≈≈≈≈≈≈.≈≈≈≈≈≈≈≈≈≈≈#
############'############


You could see a worm.

Vanquished Creatures
  2 ball pythons (D:1)
  A kobold (D:1)
3 creatures vanquished.

Vanquished Creatures (others)
  15 plants (D:1)
15 creatures vanquished.

Grand Total: 18 creatures vanquished

Notes
Turn   | Place    | Note
-------+----------+-------------------------------------------
     0 | D:1      | ChaosChampion the Draconian Warper began the quest for the
                  | Orb.
     0 | D:1      | Reached XP level 1. HP: 17/17 MP: 3/3
   700 | D:1      | Slain by a worm

Illustrated notes

Levels and vault maps discovered:
D:1:      lightli_arrival_farm, layout_basic,
          shapermc_ecumenical_altar_mp_urbaneastern, nicolae_wormholes

Action                   || total
-------------------------++-------
Melee: Unarmed           ||    40
       Tailslap          ||     5
Armor: Skin              ||     6
Dodge: Dodged            ||    19

Table legend: (Time is in decaauts)
 A = Elapsed time spent in this place.
 B = Non-inter-level travel time spent in this place.
 C = Inter-level travel time spent in this place.
 D = Time resting spent in this place.
 E = Time spent auto-exploring this place.
 F = Levels seen in this place.
 G = Mean time per level.
                   A        B        C        D        E       F      G
               +--------+--------+--------+--------+--------+-----+--------+
         Total |    772 |    772 |      0 |    451 |     49 |   1 |  772.0 |
       Dungeon |    772 |    772 |      0 |    451 |     49 |   1 |  772.0 |
               +--------+--------+--------+--------+--------+-----+--------+

Top non-repeatable levels by time:
     D:1: 772 daAuts
